 Dungeon Crawl Stone Soup version 0.29.1-2-gbd0b4ee654 (webtiles) character file.

Game seed: 14605295798943575959

96 GigaChad the Shield-Bearer (level 4, 0/44 HPs)
             Began as a Troll Fighter on Nov 23, 2022.
             Was a Follower of Uskayaw.
             Slain by a gnoll
             ... wielding a +0 halberd
              (14 damage)
             ... on level 3 of the Dungeon.
             The game lasted 00:03:26 (1778 turns).

GigaChad the Shield-Bearer (Troll Fighter)          Turns: 1778, Time: 00:03:27

Health: 0/44       AC:  4    Str: 26    XL:     4   Next: 41%
Magic:  3/3        EV:  8    Int:  4    God:    Uskayaw [*.....]
Gold:   99         SH:  7    Dex:  9    Spells: 3/3 levels left

rFire   . . .      SeeInvis .     - Unarmed
rCold   . . .      Faith    .   b - +0 kite shield
rNeg    . . .      Spirit   .   a - +0 robe
rPois   .          Reflect  .   (helmet restricted)
rElec   .          Harm     .   (no cloak)
rCorr   .          Rampage  .   (gloves unavailable)
Will    .....                   (boots unavailable)
Stlth   +.........              (no amulet)
HPRegen 0.94/turn               (no ring)
MPRegen 0.08/turn               (no ring)

@: no status effects
A: large, unfitting armour, claws 3, regeneration 1, shaggy fur 1, tough skin 1
a: Renounce Religion, Stomp


You were on level 3 of the Dungeon.
You worshipped Uskayaw.
Uskayaw was noncommittal.
You visited 1 branch of the dungeon, and saw 3 of its levels.

You collected 99 gold pieces.

Inventory:

Armour
 a - a +0 robe (worn)
 b - a +0 kite shield (worn)
Scrolls
 d - 3 scrolls of identify
 e - a scroll of fear
 g - 2 scrolls of noise {unknown}
 i - 2 scrolls of teleportation {unknown}
Potions
 c - a potion of might
 f - 2 potions of ambrosia {unknown}
 h - a potion of flight {unknown}
 j - a potion of magic {unknown}
 k - 2 potions of lignification {unknown}


   Skills:
 * Level 2.9 Fighting
 + Level 3.0 Dodging
 + Level 3.2 Shields
 + Level 3.0 Unarmed Combat


You had 3 spell levels left.
You didn't know any spells.
Your spell library contained the following spells:

 Spells                   Type           Power      Damage    Failure   Level
 Sandblast                Erth           0%         2d4       80%         1
 Passwall                 Tmut/Erth      0%         N/A       90%         2
 Ozocubu's Armour         Ice            0%         N/A       99%         3
 Stone Arrow              Conj/Erth      0%         3d7       99%         3
 Metabolic Englaciation   Hex/Ice        0%         N/A       100%        5
 Simulacrum               Ice/Necr       0%         N/A       100%        6


Dungeon Overview and Level Annotations

Branches:
Dungeon (3/15)

Altars:
Uskayaw

Shops:
D:1 **(

Annotations:
D:3 Grinder


Innate Abilities, Weirdness & Mutations

You are too large for most types of armour.
You have claws for hands.
Your natural rate of healing is unusually fast.
You are covered in fur. (AC +1)
You have tough skin. (AC +1)


Message History

There is an open door here.
You see here a jackal corpse.
You see here 2 boomerangs.
d - 3 scrolls of identify (gained 1) Done exploring.
Done exploring.
Done exploring.
Done exploring.
There is a stone staircase leading down here.
You climb downwards.
There is a stone staircase leading up here.
Found a leather armour.
You now have 99 gold pieces (gained 14).
A gnoll comes into view. It is wielding a +0 club.
The gnoll shouts!
You hear a shout!
A gnoll comes into view. It is wielding a +0 spear.
There are monsters nearby!
A gnoll comes into view. It is wielding a +0 club.
The gnoll shouts!
You hear a shout!
A gnoll comes into view. It is wielding a +0 halberd.
The gnoll shouts!
The gnoll hits you from afar with a +0 spear.
The gnoll hits you from afar with a +0 halberd!
The gnoll hits you with a +0 club. The gnoll completely misses you.
The gnoll hits you with a +0 spear.
You scratch the gnoll but do no damage. The gnoll closely misses you.
You block the gnoll's attack. x2
You block the gnoll's attack. The gnoll hits you with a +0 club.
The gnoll hits you with a +0 spear.
You completely miss the gnoll. The gnoll hits you but does no damage.
The gnoll hits you with a +0 club. The gnoll closely misses you.
The gnoll hits you with a +0 spear.
You closely miss the gnoll.
Grinder comes into view.
The gnoll hits you with a +0 halberd. The gnoll hits you with a +0 club.
The gnoll barely misses you. The gnoll hits you with a +0 spear.
You claw the gnoll!
The gnoll is severely wounded.
The gnoll hits you with a +0 halberd!
You die...

.........
.........
......... ##
##.......#
..####.........
.....5.........
.#...#.g.......
...#.#g@.......
.#.....gg......
..............#
####.#.......##
#.#..#..#.#
#.#..#..# #
#.#.^#..#.#
#.#..#..#.#
#.#.[.....#


You could see Grinder and 4 gnolls.

Vanquished Creatures
  An iguana (D:2)
  2 adders (D:2)
  2 worms (D:2)
  5 endoplasms
  2 giant cockroaches (D:2)
  3 goblins
  6 hobgoblins
  3 jackals (D:2)
  4 kobolds
  2 quokkas
  5 ball pythons
  5 bats
  2 frilled lizards
42 creatures vanquished.

Vanquished Creatures (others)
  5 withered plants (D:2)
5 creatures vanquished.

Grand Total: 47 creatures vanquished

Notes
Turn   | Place    | Note
-------+----------+-------------------------------------------
     0 | D:1      | GigaChad the Troll Fighter began the quest for the Orb.
     0 | D:1      | Reached XP level 1. HP: 22/22 MP: 0/0
   186 | D:1      | Reached XP level 2. HP: 29/29 MP: 1/1
   286 | D:1      | Found Zobasi's General Store.
   460 | D:1      | Found Zastun's General Store.
   605 | D:1      | Found Cup Raph's Antique Weapon Emporium.
  1046 | D:2      | Found a faded altar of an unknown god.
  1063 | D:2      | Prayed at the altar of an unknown god.
  1063 | D:2      | Became a worshipper of Uskayaw the Reveller
  1063 | D:2      | Reached * piety under Uskayaw
  1100 | D:2      | Reached ** piety under Uskayaw
  1106 | D:2      | Reached *** piety under Uskayaw
  1135 | D:2      | Reached XP level 3. HP: 29/36 MP: 2/2
  1141 | D:2      | Reached **** piety under Uskayaw
  1394 | D:2      | Reached XP level 4. HP: 33/44 MP: 3/3
  1777 | D:3      | Noticed Grinder
  1778 | D:3      | Slain by a gnoll

Illustrated notes

Levels and vault maps discovered:
D:1:      lightli_arrival_farm, layout_loops_corners, serial_shops, shop, shop,
          nicolae_shop_temple_entry_statues_fountains,
          chequers_serial_rivers_micro_b
D:2:      layout_basic, ebering_ecumenical_altar_petrified
D:3:      minmay_razor_zed, layout_rooms, uniq_terence, uniq_grinder

Skill      XL: |  1  2  3  4 |
---------------+-------------+-----
Shields        | 3 |  3.2
Dodging        | 3 |  3.0
Unarmed Combat | 3 |  3.0
Fighting       | |  2.9

Action                   |  1- 3 |  4- 6 || total
-------------------------+-------+-------++-------
Melee: Unarmed           |   104 |    33 ||   137
  Use: Scroll            |     1 |       ||     1
 Stab: Paralysed         |     1 |       ||     1
Armor: Robe              |    73 |     5 ||    78
Dodge: Dodged            |    69 |    12 ||    81
Block: Kite shield       |    54 |    10 ||    64
